AoeStats
← Erebor.

African Clearing

510404551Analyzed
4v4 RM · 2d ago on Sep 30, 2026· 26m 28s· 8 players
Game mode
Random Map
Map size
Large (8 player)
Population
200
Speed
Normal
Resources
Standard
Victory
Conquest
Starting age
Dark Age
Ending age
Imperial Age
RankedLock teamsTeams togetherTeam positionsShared explorationLock speedFull tech treeHidden civsTurbo modeCheats
Victory
Defeat
🇺🇸 Persians · United States
1631
+7
🇩🇰 Danes · Denmark
1499
+12
🇮🇳 Vietnamese · India
1315
+19
🇺🇸 Georgians · United States
1302
+20
🇦🇷 Shu · Argentina
1415
-15
🇧🇷 Mongols · Brazil
1408
-15
🇲🇽 Celts · Mexico
1384
-14
🇺🇸 Varangians · United States
1381
-14
johnnyboy
9:21 Loom
12:22 Feudal Age
17:10 Castle Age
16:41 Double-Bit Axe
17:45 Bloodlines
SimoniacJewel88
9:47 Loom
12:27 Feudal Age
13:11 Double-Bit Axe
18:38 Castle Age
18:06 Horse Collar
21:41 Bow Saw
21:31 Heavy Plow
24:42 Gold Mining
jesseytf
8:07 Loom
12:36 Feudal Age
16:31 Castle Age
20:54 Double-Bit Axe
22:51 Wheelbarrow
22:03 Town Watch
Erebor.
13:43 Feudal Age
14:37 Double-Bit Axe
14:34 Horse Collar
14:57 Town Watch
17:39 Castle Age
17:45 Loom
23:07 Fletching
Jaxto
5:28 Loom
12:50 Feudal Age
16:39 Castle Age
14:33 Double-Bit Axe
22:56 Wheelbarrow
24:32 Town Watch
25:03 Hand Cart
26:46 Gold Mining
26:46 Stone Mining
Lord Longshaft
8:32 Loom
13:09 Feudal Age
17:54 Castle Age
17:44 Double-Bit Axe
17:54 Horse Collar
20:28 Wheelbarrow
20:53 Fletching
25:44 Scale Mail Armor
sesquipedalia
9:27 Loom
12:18 Feudal Age
13:16 Double-Bit Axe
17:18 Bloodlines
26:09 Castle Age
25:59 Scale Barding Armor
26:05 Forging
25:54 Horse Collar
KingShark
15:50 Feudal Age
19:39 Castle Age
18:41 Gold Mining
23:04 Double-Bit Axe
24:34 Forging
24:30 Scale Mail Armor
Connection lost

Rejoining the realm…

Still unreachable

The connection could not be restored.

Session expired

The server has moved on; the page needs a fresh start.